 Dungeon Crawl Stone Soup version 0.16-a0-2093-g8c923f7 (webtiles) character file.

1216 wvc the Cudgeler (level 8, -3/58 HPs)
             Began as a Mummy Fighter on Nov 12, 2014.
             Slain by an ogre
             ... wielding a +0 giant club
              (26 damage)
             ... on level 6 of the Dungeon.
             The game lasted 00:12:02 (6346 turns).

wvc the Cudgeler (Mummy Fighter)                    Turns: 6346, Time: 00:12:02

Health: -3/58      AC: 11    Str: 20    XL:     8   Next: 22%
Magic:  8/8        EV:  9    Int:  7    God:
Gold:   301        SH:  0    Dex: 12    Spells: 0 memorised, 7 levels left

rFire  x . .     SeeInvis .     j - +2 quarterstaff (chaos)
rCold  + . .     Clarity  .     b - +0 scale mail (curse)
rNeg   + + +     SustAb   .     (no shield)
rPois  +         Gourm    .     e - +1 helmet
rElec  .         Spirit   .     k - +2 cloak {+Inv}
rCorr  .         Warding  .     (no gloves)
rMut   .         Stasis   .     (no boots)
MR     +....                    (no amulet)
Stlth  ..........               (no ring)
                                h - ring of loudness (curse)

@: somewhat resistant to hostile enchantments, extremely unstealthy
A: no food or potions, fire vulnerability, restore body, cold resistance 1,
negative energy resistance 3, poison resistance, torment resistance, unbreathing
a: Evoke Invisibility


You were on level 6 of the Dungeon.
You were not hungry.

You visited 1 branch of the dungeon, and saw 6 of its levels.

You collected 301 gold pieces.

Inventory:

Hand weapons
 a - a +1 flail
 i - a +4 dagger of electrocution
 j - a +2 quarterstaff of chaos (weapon)
Armour
 b - a cursed +0 scale mail (worn)
 e - a +1 helmet (worn)
 k - a +2 cloak of invisibility (worn)
 m - a +2 shield
Jewellery
 h - a cursed ring of loudness (left hand)
Magical devices
 g - a wand of lightning (11)
Scrolls
 d - 3 scrolls of remove curse
 f - 5 scrolls of identify
 l - a scroll of blinking


   Skills:
 - Level 3.0 Fighting
 * Level 7.8 Maces & Flails
 - Level 2.4 Armour
 - Level 2.8 Dodging
 - Level 2.4 Shields


You had 7 spell levels left.
You didn't know any spells.

Dungeon Overview and Level Annotations

Branches:
Dungeon (6/15)
 Temple: D:4-7

Altars:
Ashenzari
Fedhas

Annotations:
D:3 1 exclusion


Innate Abilities, Weirdness & Mutations

You do not eat or drink.
Your flesh is vulnerable to fire.
Your flesh is cold resistant.
You are immune to negative energy.
Your system is resistant to poisons.
You are immune to unholy pain and torment.
You can survive without breathing.


Message History

A hobgoblin comes into view.
The hobgoblin shouts!
There is a stone staircase leading up here.
An ogre comes into view. It is wielding a giant club.
The ogre shouts!
The hobgoblin hits you but does no damage.
You hit the hobgoblin.
The hobgoblin is poisoned.
The hobgoblin is heavily wounded.
You kill the hobgoblin!
A quokka comes into view.
The ogre hits you with a giant club!
Your scale mail prevents you from hitting the ogre.
The ogre barely misses you.
You sock the ogre!
The ogre is moderately wounded.
The ogre hits you with a giant club!!
You barely miss the ogre.
The ogre is moderately wounded.
The ogre hits you with a giant club!!
You die...

# # #.#####.#
#..<....#
####.####
#.########
#........#
#†@#####..
#..O.......
....r......
..###.##.....
... #.. .....
# #.# ... #.#
. ... #..


You could see an ogre and a quokka.

Vanquished Creatures
  Grinder (D:3)
  The ghost of wvc the Slasher, an average HaFi (D:5)
  Sigmund (D:4)
  A scorpion (D:5)
  2 orc priests (D:3)
  Crazy Yiuf (D:4)
  A giant frog zombie (D:5)
  An orc wizard (D:3)
  A black bear skeleton (D:4)
  A centaur skeleton (D:5)
  6 worker ants
  9 adders
  4 gnolls
  An orc zombie (D:4)
  A giant mite (D:5)
  5 worms
  An adder zombie (D:5)
  An iguana skeleton (D:4)
  An adder skeleton (D:5)
  4 giant geckos
  6 orcs
  4 giant cockroaches
  9 goblins
  8 hobgoblins
  17 kobolds
  2 quokkas
  13 bats
  8 giant newts
  2 giant newt zombies (D:5)
  2 hobgoblin skeletons
  8 jackals
  13 rats
  A rat skeleton (D:4)
  A plant (D:3)
138 creatures vanquished.

Vanquished Creatures (collateral kills)
  Menkaure (D:4)
  An adder (D:4)
  A hobgoblin (D:4)
  A bat (D:4)
4 creatures vanquished.

Grand Total: 142 creatures vanquished

Notes
Turn   | Place    | Note
--------------------------------------------------------------
     0 | D:1      | wvc, the Mummy Fighter, began the quest for the Orb.
     0 | D:1      | Reached XP level 1. HP: 18/18 MP: 1/1
    64 | D:1      | Reached XP level 2. HP: 14/24 MP: 2/2
   293 | D:1      | Found a shattered altar of Ashenzari.
   655 | D:2      | Reached XP level 3. HP: 13/29 MP: 3/3
   884 | D:2      | Found a blossoming altar of Fedhas.
  1094 | D:2      | Reached skill level 1 in Dodging
  1793 | D:3      | Reached XP level 4. HP: 12/35 MP: 4/4
  2374 | D:3      | Noticed Grinder
  2554 | D:3      | Killed Grinder
  2554 | D:3      | Reached skill level 4 in Maces & Flails
  2554 | D:3      | Reached XP level 5. HP: 24/41 MP: 5/5
  2554 | D:3      | Reached XP level 6. HP: 27/47 MP: 6/6
  3797 | D:4      | Noticed Sigmund
  4220 | D:3      | Reached skill level 5 in Maces & Flails
  4623 | D:4      | Noticed Crazy Yiuf
  4631 | D:4      | Killed Crazy Yiuf
  4700 | D:4      | Killed Sigmund
  4700 | D:4      | Reached XP level 7. HP: 52/52 MP: 7/7
  4793 | D:4      | Noticed Menkaure
  4803 | D:4      | Killed Menkaure
  4803 | D:4      | Reached skill level 6 in Maces & Flails
  5363 | D:5      | Entered Level 5 of the Dungeon
  5965 | D:5      | Reached skill level 7 in Maces & Flails
  6001 | D:5      | Reached XP level 8. HP: 27/58 MP: 8/8
  6219 | D:5      | Noticed wvc's ghost (average HaFi)
  6228 | D:5      | Killed wvc's ghost
  6346 | D:6      | Slain by an ogre

Action                   |  1- 3 |  4- 6 |  7- 9 || total
-------------------------+-------+-------+-------++-------
Melee: Flail             |   142 |   181 |       ||   323
       Dagger            |       |    16 |       ||    16
       Quarterstaff      |       |     1 |   197 ||   198
 Abil: Evoke Invisibilit |       |       |     1 ||     1
  Use: Scroll            |       |     7 |     5 ||    12
 Stab: Paralysed         |       |       |     9 ||     9
       Invisible         |       |       |     1 ||     1
